[ AOE2 MATCH · #474434958 ]
UnrankedBerbers vs Teutons
[ REPLAY ANALYSIS · EXTRACTED FROM THE RECORDED GAME ]
Feudal
8:20
Castle
10:03
Imperial
24:00
| APM avg | 35.9 |
| APM peak | 67 |
| eAPM avg | 24.4 |
| Villagers / military | 123 / 1180 |
Focus
⚔️ 58.0% · 🌾 42.0%
Scout Cavalry ×797 · Camel Scout ×133 · Camel Archer ×120 · Mangonel ×87 · Trade Cart ×43 · Knight ×18
Feudal
7:21
Castle
10:58
Imperial
22:26
| APM avg | 14.7 |
| APM peak | 37 |
| eAPM avg | 13.6 |
| Villagers / military | 101 / 658 |
Focus
⚔️ 46.1% · 🌾 53.9%
Battle Elephant ×317 · Scout Cavalry ×307 · Scorpion ×29 · Trade Cart ×15 · Trebuchet (Packed) ×5
Feudal
8:34
Castle
10:21
Imperial
22:49
| APM avg | 42.8 |
| APM peak | 108 |
| eAPM avg | 33.4 |
| Villagers / military | 186 / 1574 |
Focus
⚔️ 44.6% · 🌾 55.4%
Spearman ×1174 · Militia ×284 · Bombard Cannon ×111 · Trade Cart ×42 · Mangonel ×4 · Monk ×1
Feudal
9:56
Castle
15:29
Imperial
23:23
| APM avg | 11.3 |
| APM peak | 39 |
| eAPM avg | 9.5 |
| Villagers / military | 103 / 626 |
Focus
⚔️ 49.1% · 🌾 50.9%
Spearman ×448 · Rattan Archer ×90 · Battle Elephant ×83 · Trade Cart ×12 · Mangonel ×5
Match map
Initial resources + every placement click. Lines = walls · curves = elevation contours. ◆ gold · ⬟ stone · ● berries · ✦ relic · ◌ wall gap
Your base· ✓ Closed at 10:03 · 0t walls · no gate
Speedkillz's base· ✓ Closed at 10:58 · 19t walls · no gate
carlosjosealvaradoperez9's base· ✓ Closed at 10:21 · 0t walls · no gate
blvn82's base· ✓ Closed at 15:29 · 23t walls · 1 gate(s)
Smoothed initial terrain · ◌ = detected wall gap · hover for details
Inputs per minute
— DAVGAM8948 - - Speedkillz
Build order — DAVGAM8948
First 150 of 524 actions detected
| 0:02 | Create | Villager (Male) ×4 |
| 0:07 | Build | House |
| 0:08 | Build | House |
| 1:34 | Create | Villager (Male) |
| 1:34 | Create | Villager (Male) |
| 1:46 | Build | Lumber Camp |
| 2:18 | Create | Villager (Male) |
| 2:18 | Create | Villager (Male) |
| 2:27 | Create | Villager (Male) |
| 2:27 | Create | Villager (Male) |
| 2:36 | Create | Villager (Male) |
| 2:36 | Create | Villager (Male) |
| 2:43 | Create | Villager (Male) |
| 2:43 | Create | Villager (Male) |
| 3:01 | Build | House |
| 3:02 | Build | House |
| 3:19 | Create | Villager (Male) |
| 3:19 | Create | Villager (Male) |
| 3:44 | Create | Villager (Male) |
| 3:44 | Create | Villager (Male) |
| 4:00 | Create | Villager (Male) |
| 4:01 | Create | Villager (Male) |
| 4:20 | Create | Villager (Male) |
| 4:21 | Create | Villager (Male) |
| 4:40 | Build | Mill |
| 4:45 | Create | Villager (Male) |
| 4:46 | Create | Villager (Male) |
| 5:55 | Build | Mining Camp |
| 6:04 | Build | Mining Camp |
| 7:09 | Research | Feudal Age |
| 7:37 | Build | House |
| 7:43 | Build | House |
| 8:20 | Age | Feudal Age |
| 8:26 | Build | Blacksmith |
| 8:29 | Build | Market |
| 8:33 | Create | Villager (Male) |
| 8:33 | Create | Villager (Male) |
| 8:56 | Research | Castle Age |
| 9:04 | Research | Horse Collar |
| 9:05 | Research | Double-Bit Axe |
| 9:53 | Research | Wheelbarrow |
| 10:03 | Age | Castle Age |
| 10:05 | Build | Town Center |
| 10:08 | Build | Town Center |
| 10:14 | Research | Heavy Plow |
| 10:15 | Research | Bow Saw |
| 10:20 | Build | House |
| 10:46 | Build | Town Center |
| 10:50 | Create | Villager (Male) ×4 |
| 11:00 | Build | Farm |
| 11:00 | Build | Farm |
| 11:01 | Build | Farm |
| 11:01 | Build | Farm |
| 11:01 | Build | Farm |
| 11:01 | Build | Farm |
| 11:02 | Build | Farm |
| 11:11 | Build | Farm |
| 11:12 | Build | Farm |
| 11:12 | Build | Farm |
| 11:12 | Build | Farm |
| 11:12 | Build | Farm |
| 11:22 | Build | Farm |
| 11:28 | Research | Loom |
| 11:39 | Create | Villager (Male) ×2 |
| 11:44 | Build | Farm |
| 11:44 | Build | Farm |
| 11:45 | Build | Farm |
| 11:45 | Build | Farm |
| 11:45 | Build | Farm |
| 11:45 | Build | Farm |
| 11:45 | Build | Farm |
| 11:55 | Create | Villager (Male) |
| 11:56 | Create | Villager (Male) ×2 |
| 12:07 | Build | House |
| 12:08 | Build | House |
| 12:09 | Build | House |
| 12:10 | Build | House |
| 12:12 | Build | House |
| 12:18 | Build | House |
| 12:19 | Build | House |
| 12:20 | Build | House |
| 12:20 | Build | House |
| 12:24 | Create | Villager (Male) |
| 12:30 | Create | Villager (Male) ×5 |
| 12:32 | Create | Villager (Male) ×5 |
| 12:37 | Build | Farm |
| 12:40 | Create | Villager (Male) |
| 13:10 | Build | Town Center |
| 13:13 | Create | Villager (Male) ×5 |
| 13:33 | Research | Hand Cart |
| 13:45 | Build | Farm |
| 13:45 | Build | Farm |
| 13:46 | Build | Farm |
| 13:49 | Create | Villager (Male) ×5 |
| 13:58 | Research | Gold Mining |
| 14:01 | Build | Mining Camp |
| 14:03 | Create | Villager (Male) ×5 |
| 14:12 | Build | Market |
| 14:24 | Create | Villager (Male) ×5 |
| 14:43 | Build | Town Center |
| 14:46 | Build | Lumber Camp |
| 14:49 | Build | Lumber Camp |
| 14:51 | Create | Villager (Male) ×5 |
| 15:08 | Build | Town Center |
| 15:16 | Build | House |
| 15:17 | Build | House |
| 15:18 | Build | House |
| 15:19 | Build | House |
| 15:20 | Build | House |
| 15:21 | Build | House |
| 15:22 | Build | House |
| 15:28 | Build | House |
| 15:29 | Build | House |
| 15:35 | Build | Mining Camp |
| 15:37 | Create | Villager (Male) ×5 |
| 15:46 | Build | Lumber Camp |
| 15:52 | Build | Mining Camp |
| 15:53 | Create | Villager (Male) ×5 |
| 15:57 | Build | Mining Camp |
| 15:58 | Research | Gold Shaft Mining |
| 16:02 | Research | Stone Mining |
| 16:06 | Research | Forging |
| 16:07 | Research | Scale Barding Armor |
| 16:08 | Create | Villager (Male) ×5 |
| 16:15 | Build | Town Center |
| 16:23 | Create | Trade Cart |
| 16:28 | Research | Caravan |
| 16:30 | Create | Trade Cart ×5 |
| 16:30 | Create | Trade Cart ×5 |
| 16:34 | Create | Trade Cart ×5 |
| 16:36 | Create | Villager (Male) ×5 |
| 16:44 | Build | Market |
| 16:49 | Build | Market |
| 16:50 | Build | Market |
| 17:00 | Create | Villager (Male) ×5 |
| 17:04 | Build | Farm |
| 17:04 | Build | Farm |
| 17:06 | Build | Farm |
| 17:06 | Build | Farm |
| 17:08 | Build | Farm |
| 17:10 | Create | Villager (Male) ×5 |
| 17:13 | Build | House |
| 17:14 | Build | House |
| 17:15 | Build | House |
| 17:16 | Build | House |
| 17:25 | Research | Town Watch |
| 17:26 | Create | Villager (Male) ×5 |
| 17:32 | Research | Coinage |
| 17:37 | Create | Trade Cart ×5 |
| 17:37 | Create | Trade Cart ×5 |
Build order — Speedkillz
First 150 of 543 actions detected
| 0:26 | Create | Villager (Male) |
| 0:26 | Create | Villager (Male) |
| 0:26 | Create | Villager (Male) |
| 0:26 | Create | Villager (Male) |
| 0:37 | Build | House |
| 0:39 | Build | House |
| 0:41 | Build | House |
| 3:10 | Build | Palisade Wall |
| 3:17 | Build | Palisade Wall |
| 3:36 | Create | Villager (Male) |
| 3:36 | Create | Villager (Male) |
| 3:37 | Create | Villager (Male) |
| 3:37 | Create | Villager (Male) |
| 4:20 | Create | Villager (Male) |
| 4:20 | Create | Villager (Male) |
| 4:20 | Create | Villager (Male) |
| 6:08 | Research | Feudal Age |
| 6:49 | Create | Villager (Male) |
| 6:50 | Create | Villager (Male) |
| 6:50 | Create | Villager (Male) |
| 7:21 | Age | Feudal Age |
| 8:17 | Create | Villager (Male) |
| 8:31 | Build | Mill |
| 8:47 | Create | Villager (Male) |
| 9:11 | Create | Villager (Male) |
| 9:21 | Build | House |
| 9:26 | Build | House |
| 9:27 | Build | House |
| 9:28 | Build | House |
| 9:54 | Research | Castle Age |
| 10:58 | Age | Castle Age |
| 11:02 | Build | Lumber Camp |
| 11:19 | Build | Town Center |
| 11:40 | Build | Town Center |
| 11:48 | Create | Villager (Male) |
| 11:48 | Create | Villager (Male) |
| 11:48 | Create | Villager (Male) |
| 11:48 | Create | Villager (Male) |
| 11:49 | Create | Villager (Male) |
| 11:49 | Create | Villager (Male) |
| 12:29 | Create | Villager (Male) |
| 12:30 | Create | Villager (Male) |
| 12:30 | Create | Villager (Male) |
| 12:48 | Create | Villager (Male) |
| 12:48 | Create | Villager (Male) |
| 12:49 | Create | Villager (Male) |
| 13:14 | Build | Farm |
| 14:12 | Build | Farm |
| 14:14 | Build | Farm |
| 14:23 | Build | Farm |
| 14:24 | Build | Farm |
| 14:26 | Build | Farm |
| 14:27 | Build | Farm |
| 14:29 | Build | Farm |
| 14:31 | Build | Farm |
| 14:36 | Build | Farm |
| 14:50 | Build | House |
| 14:52 | Build | House |
| 15:01 | Create | Villager (Male) |
| 15:02 | Research | Wheelbarrow |
| 15:03 | Create | Villager (Male) |
| 15:04 | Create | Villager (Male) |
| 15:04 | Create | Villager (Male) |
| 15:04 | Create | Villager (Male) |
| 15:04 | Create | Villager (Male) |
| 15:05 | Create | Villager (Male) |
| 15:09 | Create | Villager (Male) |
| 15:09 | Create | Villager (Male) |
| 15:19 | Create | Villager (Male) |
| 15:19 | Create | Villager (Male) |
| 16:03 | Create | Villager (Male) |
| 16:03 | Create | Villager (Male) |
| 16:04 | Create | Villager (Male) |
| 16:11 | Create | Villager (Male) |
| 16:11 | Create | Villager (Male) |
| 16:12 | Create | Villager (Male) |
| 16:12 | Create | Villager (Male) |
| 16:12 | Create | Villager (Male) |
| 16:12 | Create | Villager (Male) |
| 16:12 | Create | Villager (Male) |
| 16:22 | Research | Horse Collar |
| 16:30 | Research | Double-Bit Axe |
| 16:53 | Build | Farm |
| 17:01 | Create | Villager (Male) |
| 17:01 | Create | Villager (Male) |
| 17:01 | Create | Villager (Male) |
| 17:02 | Create | Villager (Male) |
| 17:02 | Create | Villager (Male) |
| 17:06 | Create | Villager (Male) |
| 17:07 | Create | Villager (Male) |
| 17:14 | Create | Villager (Male) |
| 17:14 | Create | Villager (Male) |
| 17:22 | Build | Farm |
| 17:53 | Research | Hand Cart |
| 18:02 | Build | Farm |
| 18:03 | Build | Farm |
| 18:09 | Create | Villager (Male) |
| 18:09 | Create | Villager (Male) |
| 18:09 | Create | Villager (Male) |
| 18:12 | Research | Heavy Plow |
| 18:30 | Build | Farm |
| 18:38 | Create | Villager (Male) |
| 18:39 | Create | Villager (Male) |
| 18:39 | Create | Villager (Male) |
| 18:45 | Build | Farm |
| 18:54 | Create | Villager (Male) |
| 18:54 | Create | Villager (Male) |
| 18:54 | Create | Villager (Male) |
| 19:14 | Build | Farm |
| 19:15 | Build | Farm |
| 19:46 | Build | House |
| 19:47 | Build | House |
| 19:49 | Build | House |
| 19:52 | Build | House |
| 19:53 | Build | House |
| 19:55 | Build | House |
| 20:05 | Build | Farm |
| 20:06 | Build | Farm |
| 20:16 | Research | Imperial Age |
| 20:21 | Create | Villager (Male) |
| 20:22 | Create | Villager (Male) |
| 20:22 | Create | Villager (Male) |
| 20:22 | Create | Villager (Male) |
| 20:22 | Create | Villager (Male) |
| 20:39 | Build | Market |
| 21:25 | Build | Farm |
| 21:43 | Create | Trade Cart |
| 21:43 | Create | Trade Cart |
| 21:44 | Create | Trade Cart |
| 21:44 | Create | Trade Cart |
| 21:44 | Create | Trade Cart |
| 21:44 | Create | Trade Cart |
| 21:45 | Create | Trade Cart |
| 21:45 | Create | Trade Cart |
| 21:48 | Research | Coinage |
| 21:49 | Research | Caravan |
| 22:11 | Build | House |
| 22:13 | Build | House |
| 22:14 | Build | House |
| 22:17 | Build | House |
| 22:18 | Build | House |
| 22:19 | Build | House |
| 22:26 | Age | Imperial Age |
| 22:36 | Build | Stable |
| 22:41 | Build | Stable |
| 22:42 | Build | Stable |
| 22:48 | Build | Stable |
| 22:55 | Build | Stable |
| 22:56 | Build | Stable |
| 22:57 | Build | Stable |
Build order — carlosjosealvaradoperez9
First 150 of 876 actions detected
| 0:01 | Create | Villager (Male) |
| 0:02 | Create | Villager (Male) |
| 0:02 | Create | Villager (Male) |
| 0:07 | Build | House |
| 0:09 | Build | House |
| 0:13 | Create | Villager (Male) |
| 0:14 | Create | Villager (Male) |
| 1:26 | Create | Villager (Male) |
| 1:26 | Create | Villager (Male) |
| 1:46 | Create | Villager (Male) |
| 1:46 | Create | Villager (Male) |
| 1:46 | Create | Villager (Male) |
| 1:57 | Create | Villager (Male) |
| 1:58 | Create | Villager (Male) |
| 1:58 | Create | Villager (Male) |
| 2:15 | Build | Lumber Camp |
| 2:27 | Create | Villager (Male) |
| 2:27 | Create | Villager (Male) |
| 2:28 | Create | Villager (Male) |
| 3:02 | Create | Villager (Male) |
| 3:03 | Create | Villager (Male) |
| 3:24 | Build | House |
| 3:42 | Build | Mill |
| 3:57 | Create | Villager (Male) |
| 3:57 | Create | Villager (Male) |
| 4:20 | Create | Villager (Male) |
| 4:30 | Build | Mill |
| 4:44 | Create | Villager (Male) |
| 5:33 | Build | House |
| 5:50 | Create | Villager (Male) |
| 6:06 | Build | House |
| 6:07 | Build | House |
| 6:11 | Build | Mining Camp |
| 6:23 | Create | Villager (Male) |
| 6:26 | Research | Loom |
| 6:28 | Research | Feudal Age |
| 6:33 | Create | Villager (Male) |
| 6:34 | Create | Villager (Male) |
| 6:36 | Research | Feudal Age |
| 6:46 | Build | Farm |
| 6:46 | Build | Farm |
| 6:49 | Build | Farm |
| 6:51 | Build | Farm |
| 6:52 | Build | Farm |
| 6:54 | Build | Farm |
| 6:59 | Build | House |
| 7:01 | Build | House |
| 7:24 | Build | Lumber Camp |
| 8:06 | Create | Villager (Male) |
| 8:06 | Create | Villager (Male) |
| 8:08 | Create | Villager (Male) |
| 8:23 | Build | Lumber Camp |
| 8:34 | Age | Feudal Age |
| 8:40 | Build | Market |
| 8:54 | Build | Blacksmith |
| 9:14 | Research | Castle Age |
| 9:15 | Research | Castle Age |
| 9:23 | Research | Double-Bit Axe |
| 9:53 | Research | Gold Mining |
| 10:01 | Research | Horse Collar |
| 10:07 | Build | Farm |
| 10:11 | Build | Farm |
| 10:12 | Build | Farm |
| 10:20 | Create | Villager (Male) |
| 10:21 | Create | Villager (Male) |
| 10:21 | Create | Villager (Male) |
| 10:21 | Age | Castle Age |
| 10:22 | Create | Villager (Male) |
| 10:23 | Research | Bow Saw |
| 10:37 | Build | Town Center |
| 10:48 | Build | Farm |
| 10:49 | Build | Farm |
| 10:50 | Build | Farm |
| 10:53 | Build | Farm |
| 10:55 | Build | Farm |
| 11:00 | Research | Heavy Plow |
| 11:18 | Build | Town Center |
| 11:28 | Create | Villager (Male) |
| 11:32 | Research | Wheelbarrow |
| 11:32 | Create | Villager (Male) |
| 11:33 | Create | Villager (Male) |
| 11:35 | Create | Villager (Male) |
| 11:39 | Create | Villager (Male) |
| 11:39 | Create | Villager (Male) |
| 11:58 | Build | Monastery |
| 12:10 | Create | Villager (Male) ×5 |
| 12:10 | Create | Villager (Male) ×5 |
| 12:11 | Create | Villager (Male) ×4 |
| 12:19 | Build | Farm |
| 12:19 | Build | Farm |
| 12:20 | Build | Farm |
| 12:21 | Build | Farm |
| 12:21 | Build | Farm |
| 12:22 | Build | Farm |
| 12:34 | Research | Fletching |
| 12:42 | Build | Mining Camp |
| 12:47 | Create | Monk |
| 12:54 | Build | Mining Camp |
| 12:58 | Create | Villager (Male) ×4 |
| 12:58 | Create | Villager (Male) ×4 |
| 13:33 | Research | Hand Cart |
| 13:34 | Research | Hand Cart |
| 13:55 | Build | Market |
| 13:56 | Build | Market |
| 14:00 | Build | Market |
| 14:05 | Research | Loom |
| 14:06 | Research | Town Watch |
| 14:06 | Research | Town Watch |
| 14:13 | Create | Villager (Male) ×5 |
| 14:13 | Create | Villager (Male) ×5 |
| 14:14 | Create | Villager (Male) ×5 |
| 14:37 | Build | Town Center |
| 14:49 | Build | Town Center |
| 14:55 | Create | Villager (Male) ×5 |
| 15:18 | Build | House |
| 15:18 | Build | House |
| 15:18 | Build | House |
| 15:18 | Build | House |
| 15:19 | Build | House |
| 15:19 | Build | House |
| 15:19 | Build | House |
| 15:19 | Build | House |
| 15:20 | Build | House |
| 15:20 | Build | House |
| 15:20 | Build | House |
| 15:21 | Build | House |
| 15:21 | Build | House |
| 15:21 | Build | House |
| 15:22 | Build | House |
| 15:22 | Build | House |
| 15:22 | Build | House |
| 15:22 | Build | House |
| 15:24 | Build | House |
| 15:24 | Build | House |
| 15:24 | Build | House |
| 15:25 | Build | House |
| 15:25 | Build | House |
| 15:25 | Build | House |
| 16:09 | Build | Castle |
| 16:19 | Build | Stone Wall |
| 16:24 | Build | Stone Wall |
| 16:36 | Build | Stone Wall |
| 16:40 | Create | Villager (Male) |
| 16:41 | Create | Villager (Male) |
| 16:41 | Create | Villager (Male) |
| 16:42 | Research | Town Patrol |
| 16:42 | Research | Town Patrol |
| 16:43 | Create | Villager (Male) ×5 |
| 16:43 | Create | Villager (Male) ×5 |
| 16:43 | Create | Villager (Male) ×5 |
Build order — blvn82
First 150 of 306 actions detected
| 0:28 | Build | House |
| 0:29 | Build | House |
| 0:34 | Create | Villager (Male) ×4 |
| 0:34 | Create | Villager (Male) ×4 |
| 1:56 | Create | Villager (Male) |
| 2:17 | Create | Villager (Male) |
| 2:21 | Create | Villager (Male) |
| 2:37 | Create | Villager (Male) |
| 2:41 | Create | Villager (Male) |
| 3:41 | Build | Mill |
| 4:01 | Build | House |
| 4:10 | Create | Villager (Male) |
| 4:13 | Create | Villager (Male) |
| 5:20 | Create | Villager (Male) |
| 5:21 | Create | Villager (Male) |
| 5:22 | Create | Villager (Male) |
| 5:22 | Create | Villager (Male) |
| 5:23 | Create | Villager (Male) |
| 5:33 | Build | House |
| 6:55 | Build | Lumber Camp |
| 7:09 | Create | Villager (Male) |
| 7:10 | Create | Villager (Male) |
| 7:12 | Create | Villager (Male) |
| 7:21 | Create | Villager (Male) |
| 7:23 | Research | Feudal Age |
| 7:52 | Build | Palisade Wall |
| 9:37 | Build | Mining Camp |
| 9:56 | Age | Feudal Age |
| 10:20 | Build | House |
| 10:21 | Build | House |
| 10:42 | Create | Villager (Male) ×5 |
| 10:43 | Create | Villager (Male) ×5 |
| 10:58 | Build | Farm |
| 11:00 | Build | Farm |
| 11:03 | Build | Farm |
| 11:05 | Build | Farm |
| 11:07 | Build | Farm |
| 11:10 | Build | Farm |
| 11:12 | Build | Farm |
| 11:14 | Build | Farm |
| 11:29 | Build | Mining Camp |
| 12:20 | Build | Farm |
| 12:29 | Create | Villager (Male) |
| 12:31 | Create | Villager (Male) |
| 12:38 | Build | Blacksmith |
| 12:57 | Build | Market |
| 13:31 | Build | Stone Wall |
| 14:01 | Research | Castle Age |
| 14:25 | Build | Mining Camp |
| 14:43 | Build | Gate |
| 15:29 | Age | Castle Age |
| 15:39 | Build | Town Center |
| 15:46 | Create | Villager (Male) ×5 |
| 15:49 | Create | Villager (Male) ×5 |
| 16:02 | Build | House |
| 16:04 | Build | House |
| 16:06 | Build | House |
| 16:18 | Create | Villager (Male) ×5 |
| 16:42 | Create | Trade Cart |
| 16:43 | Create | Trade Cart |
| 16:59 | Build | House |
| 17:00 | Build | House |
| 17:01 | Build | House |
| 17:02 | Build | House |
| 17:03 | Build | House |
| 17:04 | Build | House |
| 17:23 | Build | Farm |
| 17:24 | Build | Farm |
| 17:26 | Build | Farm |
| 17:28 | Build | Farm |
| 17:34 | Build | Farm |
| 17:37 | Build | Farm |
| 18:16 | Build | Town Center |
| 18:39 | Build | Castle |
| 18:49 | Create | Villager (Male) ×5 |
| 18:55 | Create | Villager (Male) ×5 |
| 19:12 | Create | Villager (Male) ×5 |
| 19:13 | Create | Villager (Male) ×5 |
| 20:16 | Build | Farm |
| 20:18 | Build | Farm |
| 20:21 | Build | Farm |
| 20:22 | Build | Farm |
| 20:44 | Build | Barracks |
| 21:25 | Build | Stable |
| 21:36 | Create | Villager (Male) ×5 |
| 21:46 | Build | Stable |
| 22:07 | Research | Imperial Age |
| 22:14 | Create | Villager (Male) ×5 |
| 22:15 | Create | Villager (Male) ×5 |
| 22:23 | Build | Farm |
| 22:25 | Build | Farm |
| 22:27 | Build | Farm |
| 22:31 | Build | Farm |
| 22:33 | Build | Farm |
| 22:36 | Build | Farm |
| 22:38 | Build | Farm |
| 23:03 | Build | Siege Workshop |
| 23:06 | Build | Siege Workshop |
| 23:07 | Build | Siege Workshop |
| 23:10 | Build | Siege Workshop |
| 23:19 | Research | Fletching |
| 23:23 | Age | Imperial Age |
| 23:36 | Create | Villager (Male) ×5 |
| 23:36 | Create | Villager (Male) ×5 |
| 23:36 | Create | Villager (Male) ×5 |
| 24:12 | Research | Onager (upgrade) |
| 24:34 | Build | Castle |
| 24:43 | Create | Villager (Male) ×2 |
| 24:59 | Build | House |
| 25:01 | Build | House |
| 25:02 | Build | House |
| 25:03 | Build | House |
| 25:05 | Build | House |
| 25:06 | Build | House |
| 25:07 | Build | House |
| 25:08 | Build | House |
| 25:10 | Build | House |
| 25:12 | Build | House |
| 25:13 | Build | House |
| 25:36 | Create | Mangonel ×5 |
| 25:46 | Research | Paper Money |
| 25:52 | Research | Chatras |
| 25:59 | Research | Elite Battle Elephant (upgrade) |
| 26:14 | Research | Bodkin Arrow |
| 26:19 | Research | Scale Barding Armor |
| 26:20 | Research | Forging |
| 26:35 | Research | Husbandry |
| 26:38 | Research | Bloodlines |
| 27:07 | Create | Battle Elephant ×5 |
| 27:07 | Create | Battle Elephant ×5 |
| 27:08 | Create | Battle Elephant ×5 |
| 27:09 | Create | Battle Elephant ×5 |
| 27:09 | Create | Battle Elephant ×5 |
| 27:09 | Create | Battle Elephant ×5 |
| 27:10 | Create | Battle Elephant ×5 |
| 27:18 | Research | Chain Barding Armor |
| 27:19 | Research | Iron Casting |
| 27:20 | Research | Bracer |
| 28:08 | Research | Plate Barding Armor |
| 28:58 | Create | Battle Elephant ×5 |
| 28:58 | Create | Battle Elephant ×5 |
| 29:45 | Build | Gate |
| 30:49 | Build | Mining Camp |
| 31:41 | Research | Tech 621 |
| 32:09 | Create | Battle Elephant ×5 |
| 32:09 | Create | Battle Elephant ×5 |
| 32:09 | Create | Battle Elephant ×5 |
| 32:09 | Create | Battle Elephant |
| 32:10 | Create | Battle Elephant |
| 32:31 | Build | Market |
Match timeline
| 3:10 | Speedkillz · wall_segment Palisade Wall x3 |
| 3:17 | Speedkillz · wall_segment Palisade Wall x16 |
| 7:21 | Speedkillz · age_up feudal |
| 7:52 | blvn82 · wall_segment Palisade Wall x22 |
| 8:20 | DAVGAM8948 · age_up feudal |
| 8:34 | carlosjosealvaradoperez9 · age_up feudal |
| 9:56 | blvn82 · age_up feudal |
| 10:03 | DAVGAM8948 · age_up castle |
| 10:21 | carlosjosealvaradoperez9 · age_up castle |
| 10:32 | carlosjosealvaradoperez9 · first_market_buy 100 wood |
| 10:38 | DAVGAM8948 · first_market_sell 100 wood |
| 10:39 | DAVGAM8948 · first_market_buy 100 stone |
| 10:58 | Speedkillz · age_up castle |
| 11:08 | carlosjosealvaradoperez9 · first_market_sell 100 food |
| 11:58 | carlosjosealvaradoperez9 · first_building Monastery |
| 13:31 | blvn82 · wall_segment Stone Wall x20 |
| 15:29 | blvn82 · age_up castle |
| 16:09 | carlosjosealvaradoperez9 · first_building Castle |
| 16:19 | carlosjosealvaradoperez9 · wall_segment Stone Wall x3 |
| 16:24 | carlosjosealvaradoperez9 · wall_segment Stone Wall x15 |
| 16:36 | carlosjosealvaradoperez9 · wall_segment Stone Wall x7 |
| 17:28 | carlosjosealvaradoperez9 · first_building Siege Workshop |
| 17:38 | carlosjosealvaradoperez9 · first_building Barracks |
| 17:53 | DAVGAM8948 · first_building Barracks |
| 18:23 | DAVGAM8948 · first_building Castle |
| 18:39 | blvn82 · first_building Castle |
| 19:35 | DAVGAM8948 · first_building Stable |
| 19:49 | DAVGAM8948 · first_building Archery Range |
| 19:53 | DAVGAM8948 · first_building Siege Workshop |
| 20:44 | blvn82 · first_building Barracks |
| 21:25 | blvn82 · first_building Stable |
| 22:26 | Speedkillz · age_up imperial |
| 22:30 | DAVGAM8948 · tribute_sent a jugador 1 |
| 22:30 | DAVGAM8948 · tribute_sent a jugador 2 |
| 22:30 | DAVGAM8948 · tribute_sent a jugador 4 |
| 22:36 | Speedkillz · first_building Stable |
| 22:49 | carlosjosealvaradoperez9 · age_up imperial |
| 23:03 | blvn82 · first_building Siege Workshop |
| 23:23 | blvn82 · age_up imperial |
| 24:00 | DAVGAM8948 · age_up imperial |
| 26:11 | Speedkillz · first_building Siege Workshop |
| 27:09 | Speedkillz · first_building Castle |
| 28:05 | DAVGAM8948 · tribute_sent a jugador 1 |
| 28:05 | DAVGAM8948 · tribute_sent a jugador 2 |
| 28:05 | DAVGAM8948 · tribute_sent a jugador 4 |
| 28:28 | carlosjosealvaradoperez9 · wall_segment Stone Wall x15 |
| 36:09 | Speedkillz · first_market_sell 100 stone |
| 48:20 | DAVGAM8948 · resign |
[ AI ANALYSIS · 1 CREDIT ]
What really happened in this match?
Wolo.gg analyzes every decision: build order, eco, micro, common mistakes by bracket. Personalized analysis on WhatsApp or Discord in 30 seconds.
Civ guide
Berbers
Map guide
Amazon Tunnel
Perfil
DAVGAM8948